 Dungeon Crawl Stone Soup version 0.30-a0-341-g682706514a (webtiles) character file.

Game seed: 9785657403881951284

417 bande the Covered (level 6, -6/39 HPs)
             Began as a Gargoyle Fighter on Nov 4, 2022.
             Was a Follower of Okawaru.
             Mangled by Dowan the entropy weaver (shapeshifter) (8 damage)
             ... on level 4 of the Dungeon.
             The game lasted 00:04:32 (3421 turns).

bande the Covered (Gargoyle Fighter)                Turns: 3421, Time: 00:04:32

Health: -6/39      AC: 13    Str: 20    XL:     6   Next: 92%
Magic:  7/7        EV:  9    Int:  8    God:    Okawaru [*.....]
Gold:   162        SH:  4    Dex: 11    Spells: 5/5 levels left

rFire   . . .      SeeInvis .    a - +0 war axe (chaos)
rCold   . . .      Faith    .    c - +0 buckler
rNeg    + . .      Spirit   .    b - +0 scale mail
rPois   ∞          Reflect  .    k - +2 hat
rElec   +          Harm     .    (no cloak)
rCorr   .          Rampage  .    (no gloves)
Will    .....                    (no boots)
Stlth   ..........               (no amulet)
HPRegen 0.26/turn                g - ring of flight
MPRegen 0.10/turn                (no ring)

@: flying
A: sickness immunity, AC +4, negative energy resistance 1, electricity
resistance, torment resistance 1, petrification resistance
a: Renounce Religion, Heroism


You were on level 4 of the Dungeon.
You worshipped Okawaru.
Okawaru was aware of your devotion.
You visited 1 branch of the dungeon, and saw 4 of its levels.

You collected 162 gold pieces.

Inventory:

Hand Weapons
 a - a +0 war axe of chaos (weapon)
 f - a +1 flail of venom
Armour
 b - a +0 scale mail (worn)
 c - a +0 buckler (worn)
 k - a +2 hat (worn)
Jewellery
 g - a ring of flight (left hand)
Scrolls
 e - a scroll of fear
Potions
 d - a potion of might
 h - a potion of ambrosia
 i - a potion of berserk rage
 j - a potion of curing {unknown}
 l - a potion of attraction {unknown}
 m - a potion of lignification {unknown}
 o - a potion of degeneration {unknown}


   Skills:
 + Level 4.3 Fighting
 + Level 4.3 Axes
 + Level 4.7 Armour
 + Level 4.2 Shields
 * Level 2.0 Invocations


You had 5 spell levels left.
You didn't know any spells.
Your spell library was empty.

Dungeon Overview and Level Annotations

Branches:
Dungeon (4/15)
 Temple: D:4-7

Altars:
Okawaru
Ru
Sif Muna
Zin

Annotations:
D:4 Dowan


Innate Abilities, Weirdness & Mutations

You are immune to sickness and miasma.
Your stone body is resilient. (AC +4)
You are immune to poison.
You resist negative energy. (rN+)
You are resistant to electric shocks. (rElec)
You are resistant to unholy torment.
You are immune to petrification.


Message History

You kill the adder!
Okawaru accepts your kill. Duvessa hits you but does no damage.
You closely miss Duvessa.
Duvessa is heavily wounded.
You hit Dowan but do no damage.
Dowan changes into a shapeshifter!
Dowan the shapeshifter changes into a raiju!
Duvessa hits you but does no damage.
You hit Duvessa. You freeze Duvessa.
Duvessa is severely wounded.
You miss Dowan. Duvessa barely misses you. Dowan closely misses you.
Duvessa barely misses you.
You closely miss Duvessa.
Duvessa is almost dead.
You hit Dowan.
Dowan the raiju changes into an entropy weaver!
Duvessa hits you but does no damage.
You hit Duvessa.
You kill Duvessa!
Okawaru is honoured by your kill.
You can now gain great but temporary skills.
You closely miss Dowan. Dowan barely misses you. Dowan hits you.
You block Dowan's attack. Dowan hits you but does no damage.
Your Invocations skill increases to level 2!
You miss Dowan.
Dowan hits you! x2; Dowan hits you but does no damage.
Dowan hits you!
* * * LOW HITPOINT WARNING * * *
Dowan barely misses you. Dowan hits you.
* * * LOW HITPOINT WARNING * * *
Dowan completely misses you. Dowan closely misses you.
Unknown command.
You closely miss Dowan. You block Dowan's attack.
Dowan hits you but does no damage. Dowan closely misses you.
Dowan hits you but does no damage.
Unknown command.
You closely miss Dowan. Dowan misses you. Dowan hits you but does no damage.
You block Dowan's attack. Dowan hits you.
* * * LOW HITPOINT WARNING * * *
Dowan barely misses you. Dowan hits you!
You die...

............#
..........<.#._.
............#...
.......[....##.#
#......)##...#.# #
#.......##...#.# .#
#............#.# >.#
#............#)#...#
#.............@B...#
###########...######
#####


You could see Dowan the entropy weaver shaped shifter.

Vanquished Creatures
  Duvessa (D:4)
  The ghost of GiantSquids the Ogre Mage, an amateur OgHW (D:3)
  A howler monkey (D:4)
  An orc priest (D:4)
  An orc wizard (D:3)
  5 adders
  2 worms (D:2)
  A dart slug (D:2)
  5 orcs
  3 ball pythons
  7 bats
  4 endoplasms
  3 giant cockroaches
  7 goblins
  6 hobgoblins
  6 jackals
  7 kobolds
  4 quokkas
  A frilled lizard (D:2)
  7 rats
73 creatures vanquished.

Notes
Turn   | Place    | Note
-------+----------+-------------------------------------------
     0 | D:1      | bande the Gargoyle Fighter began the quest for the Orb.
     0 | D:1      | Reached XP level 1. HP: 14/14 MP: 1/1
   275 | D:1      | Reached XP level 2. HP: 19/19 MP: 2/2
   467 | D:1      | Reached XP level 3. HP: 23/23 MP: 3/3
   979 | D:2      | Reached XP level 4. HP: 18/29 MP: 4/4
  1486 | D:3      | Reached XP level 5. HP: 14/33 MP: 5/5
  1622 | D:3      | Found an iron altar of Okawaru.
  1632 | D:3      | Became a worshipper of Warmaster Okawaru
  1875 | D:3      | Found a shimmering blue altar of Sif Muna.
  2041 | D:3      | Found a faded altar of an unknown god.
  2422 | D:3      | Found a large runed translucent door.
  2425 | D:3      | Found a large runed translucent door.
  2425 | D:3      | Noticed GiantSquids's ghost (amateur OgHW)
  2483 | D:3      | Found a sacrificial altar of Ru.
  2823 | D:3      | Killed GiantSquids's ghost
  2824 | D:3      | Reached skill level 1 in Invocations
  2824 | D:3      | Reached XP level 6. HP: 17/38 MP: 6/6
  3406 | D:4      | Noticed Duvessa
  3408 | D:4      | Noticed Dowan
  3410 | D:4      | Found a glowing silver altar of Zin.
  3415 | D:4      | Dowan changed into Dowan the shapeshifter
  3415 | D:4      | Noticed Dowan (shapeshifter)
  3415 | D:4      | Dowan the shapeshifter changed into Dowan the raiju
  3415 | D:4      | Noticed Dowan (shapeshifter)
  3417 | D:4      | Dowan the raiju changed into Dowan the entropy weaver
  3417 | D:4      | Noticed Dowan (shapeshifter)
  3418 | D:4      | Killed Duvessa
  3418 | D:4      | Reached * piety under Okawaru
  3421 | D:4      | Mangled by Dowan the entropy weaver (shapeshifter)

Illustrated notes

Levels and vault maps discovered:
D:1:      lightli_arrival_quake, layout_basic
D:2:      layout_basic, serial_forest, infiniplex_forest_straight_3,
          infiniplex_forest_straight_3, infiniplex_forest_lined_2,
          infiniplex_forest_clump_tiny, infiniplex_forest_straight_2,
          hangedman_decor_opposing
D:3:      layout_loops_corners, nicolae_ru_path_of_blood,
          mainiacjoe_overflow_concentric_impassable, lemuel_blue_sif_altar,
          ebering_ghost_disaster_area, shapermc_ecumenical_altar_starsandcircs,
          serial_co_window_serial, co_window_cross_1, co_window_corner_a,
          co_window_paths_a, co_window_paths_b, co_window_cross_1,
          co_window_of_opportunity_a, co_window_corner_a,
          co_window_unsneaky_path_d, co_window_corner_cb, co_window_2corner,
          co_window_corner_b, co_window_corner_b, glass_columns_a,
          glass_columns_b, skrybe_limestone_x, minmay_misc_feat_rugged,
          minmay_misc_feat_encased
D:4:      layout_gridville, mainiacjoe_overflow_small_starburst,
          mainiacjoe_overflow_surrounded_room, gammafunk_temple_overflow_wave,
          gup_ossuary_entry_pyramid, uniq_duvessa

Skill      XL: |  1  2  3  4  5  6 |
---------------+-------------------+-----
Axes           | 2 3 4 |  4.3
Shields        | 4 |  4.2
Fighting       | 4 |  4.3
Armour         | 4 |  4.7
Invocations    | 1 2 |  2.0

Action                   |  1- 3 |  4- 6 || total
-------------------------+-------+-------++-------
Melee: War axe           |    97 |   120 ||   217
  Use: Scroll            |     4 |     6 ||    10
 Stab: Confused          |       |     1 ||     1
Armor: Scale mail        |    55 |    50 ||   105
Dodge: Dodged            |    55 |    66 ||   121
Block: Buckler           |    26 |    34 ||    60

Table legend: (Time is in decaauts)
 A = Elapsed time spent in this place.
 B = Non-inter-level travel time spent in this place.
 C = Inter-level travel time spent in this place.
 D = Time resting spent in this place.
 E = Time spent auto-exploring this place.
 F = Levels seen in this place.
 G = Mean time per level.
                   A        B        C        D        E       F      G
               +--------+--------+--------+--------+--------+-----+--------+
         Total |   3508 |   3328 |    180 |    574 |   2185 |   4 |  877.0 |
       Dungeon |   3508 |   3328 |    180 |    574 |   2185 |   4 |  877.0 |
               +--------+--------+--------+--------+--------+-----+--------+

Top non-repeatable levels by time:
     D:3: 1903 daAuts
     D:1: 768 daAuts
     D:2: 707 daAuts
     D:4: 129 daAuts
